 Dungeon Crawl Stone Soup version 0.31-a0-740-g87205ac768 (webtiles) character file.

Game seed: 7561664407592388690

54 Newt the Trooper (level 3, 0/30 HPs)
             Began as a Demonspawn Gladiator on Sept 12, 2023.
             Succumbed to Sigmund's poison
             ... on level 2 of the Dungeon.
             The game lasted 00:01:04 (815 turns).

Newt the Trooper (Demonspawn Gladiator)              Turns: 815, Time: 00:01:04

Health: 0/30       AC:  4    Str: 16    XL:     3   Next: 66%
Magic:  3/3        EV: 12    Int:  9    God:
Gold:   51         SH:  0    Dex: 14    Spells: 2/2 levels left

rFire   . . .        a - +0 rapier
rCold   . . .        (no shield)
rNeg    . . .        b - +0 leather armour
rPois   .            c - +0 helmet
rElec   .            (no cloak)
rCorr   +            (no gloves)
SInv    .            (no boots)
Will    .....        (no amulet)
Stlth   +            i - ring of resist corrosion
HPRegen 0.25/turn    (no ring)
MPRegen 0.08/turn

%: no passive effects
@: lethally poisoned (0 -> -10)
A: ignite blood 1, demonic touch 1
a: no special abilities


You were on level 2 of the Dungeon.
You visited 1 branch of the dungeon, and saw 2 of its levels.

You collected 51 gold pieces.

Inventory:

Hand Weapons
 a - a +0 rapier (weapon)
 e - a +0 dagger
Missiles
 d - 3 throwing nets (quivered)
Armour
 b - a +0 leather armour (worn)
 c - a +0 helmet (worn)
Jewellery
 i - a ring of resist corrosion (left hand)
Scrolls
 f - a scroll of identify


   Skills:
 + Level 4.1 Fighting
 - Level 2.6 Short Blades
 - Level 1.7 Throwing
 - Level 2.6 Dodging


You had 2 spell levels left.
You didn't know any spells.
Your spell library contained the following spells:

 Spells                   Type           Power      Damage    Failure   Level
 Necrotise                Necr           0%         1d4       45%         1
 Vampiric Draining        Necr           0%         2d6       83%         3
 Agony                    Necr           0%         N/A       100%        5


Dungeon Overview and Level Annotations

Branches:
Dungeon (2/15)

Altars:

Annotations:
D:2 Sigmund


Innate Abilities, Weirdness & Mutations

Your demonic aura sometimes causes spilled blood to erupt in flames.
Your touch may inflict minor irresistible damage on your foes.


Message History

Sigmund flickers and vanishes!
Deactivating autopickup; reactivate with Ctrl-A.
You puncture the goblin!
You kill the goblin!
No target in view!
No target in view!
No target in view!
No target in view!
No target in view!
No target in view!
No target in view!
There is a strange disturbance nearby!
There is a strange disturbance nearby!
No target in view!
Unknown command.
You are confused.
You're too confused to move!
You're too confused to move!
You feel less confused.
A magic dart appears from out of thin air!
The magic dart hits you.
A puff of flame appears from out of thin air!
The puff of flame hits you!
A giant cockroach comes into view.
The giant cockroach bites you but does no damage.
You barely miss the giant cockroach.
The giant cockroach bites you but does no damage.
The giant cockroach waves its antennae.
The giant cockroach bites you.
You hit the giant cockroach.
You kill the giant cockroach!
Something hits you!
You are lethally poisoned!
You are too injured to fight recklessly!
* * * LOW HITPOINT WARNING * * *
You feel very sick.
* * * LOW HITPOINT WARNING * * *
You feel very sick.
You aren't carrying any potions.
You die...

#....##..#.# #
#............
#.....#....###
##....#.....#
#............
#...#.##.###..
#..#..##.#
#........#
#.##...@##
#.#.....# #
#.#.....# .#
#.#...°.# #. #.
#.##....#### . ..>
#..........#.#...
#####.#####.#..# .
#....#........#
#.#.#.###..##.#..#


There were no monsters in sight!

Vanquished Creatures
  2 adders (D:2)
  A worm (D:2)
  3 dart slugs
  2 bats (D:1)
  An endoplasm (D:1)
  A giant cockroach (D:2)
  2 hobgoblins (D:1)
  7 kobolds
  A quokka (D:2)
  2 ball pythons
  A frilled lizard (D:2)
  4 goblins
  A rat (D:2)
28 creatures vanquished.

Notes
Turn   | Place    | Note
-------+----------+-------------------------------------------
     0 | D:1      | Newt the Demonspawn Gladiator began the quest for the Orb.
     0 | D:1      | Reached XP level 1. HP: 16/16 MP: 1/1
   243 | D:1      | Gained mutation: Your touch may inflict minor irresistible
                  | damage on your foes. [demonic ancestry]
   243 | D:1      | Reached XP level 2. HP: 15/23 MP: 2/2
   285 | D:1      | Reached skill level 3 in Fighting
   353 | D:1      | Found a faded altar of an unknown god.
   698 | D:2      | Gained mutation: Your demonic aura sometimes causes spilled
                  | blood to erupt in flames. [demonic ancestry]
   698 | D:2      | Reached XP level 3. HP: 11/29 MP: 3/3
   705 | D:2      | Reached skill level 4 in Fighting
   786 | D:2      | Noticed Sigmund
   815 | D:2      | Succumbed to Sigmund's poison

Illustrated notes

Levels and vault maps discovered:
D:1:      eino_arrival_druids_welcome, layout_basic,
          hellmonk_ecumenical_altar_heavens_door
D:2:      layout_loops_cross, basic_altar, hangedman_abyss_or_decor_lesser_grid,
          uniq_sigmund

Skill      XL: |  1  2  3 |
---------------+----------+-----
Fighting       | 3 4 |  4.1
Short Blades   | |  2.6
Throwing       | |  1.7
Dodging        | |  2.6

Action                     || total
---------------------------++-------
  Melee: Rapier            ||    70
         Touch             ||     7
  Throw: Throwing net      ||     1
         Javelin           ||     1
    Use: Scroll            ||     3
 Armour: Leather armour    ||    46
  Dodge: Dodged            ||    44

Table legend: (Time is in decaauts)
 A = Elapsed time spent in this place.
 B = Non-inter-level travel time spent in this place.
 C = Inter-level travel time spent in this place.
 D = Time resting spent in this place.
 E = Time spent auto-exploring this place.
 F = Levels seen in this place.
 G = Mean time per level.
                   A        B        C        D        E       F      G
               +--------+--------+--------+--------+--------+-----+--------+
         Total |    818 |    794 |     24 |     21 |    578 |   2 |  409.0 |
       Dungeon |    818 |    794 |     24 |     21 |    578 |   2 |  409.0 |
               +--------+--------+--------+--------+--------+-----+--------+

Top non-repeatable levels by time:
     D:1: 572 daAuts
     D:2: 246 daAuts
